 Dungeon Crawl Stone Soup version 0.29-a0-541-gaf1fc19f1b (webtiles) character file.

Game seed: 7415369778297273553

1050 happo123 the Sneak (level 8, -3/46 HPs)
             Began as a Kobold Enchanter on June 2, 2022.
             Was a Follower of Fedhas.
             Slain by Dowan
             ... wielding a +0 flail
              (8 damage)
             ... on level 5 of the Dungeon.
             The game lasted 00:19:44 (6072 turns).

happo123 the Sneak (Kobold Enchanter)               Turns: 6072, Time: 00:19:45

Health: -3/46      AC:  6    Str:  5    XL:     8   Next: 50%
Magic:  8/13       EV: 16    Int: 18    God:    Fedhas [*.....]
Gold:   92         SH:  5    Dex: 16    Spells: 3/14 levels left

rFire   + . .      SeeInvis .   k - +1 short sword (venom)
rCold   + . .      Faith    .   (no shield)
rNeg    . . .      Spirit   .   u - +0 robe {rC+}
rPois   +          Reflect  +   C - +0 helmet
rElec   .          Harm     .   (no cloak)
rCorr   .          Rampage  .   o - +2 pair of gloves
Will    .....                   (no boots)
Stlth   ++++......              j - amulet of reflection
HPRegen 0.15/turn               A - ring of poison resistance
MPRegen 0.13/turn               z - ring of protection from fire

@: no status effects
A: small, no large weapons, nightstalker 3
a: Renounce Religion


You were on level 5 of the Dungeon.
You worshipped Fedhas.
Fedhas was aware of your devotion.
You visited 2 branches of the dungeon, and saw 6 of its levels.

You collected 92 gold pieces.

Inventory:

Hand Weapons
 a - a +1 dagger
 k - a +1 short sword of venom (weapon)
Armour
 b - a +0 robe
 g - an orb of energy
 o - a +2 pair of gloves (worn)
 u - a +0 robe of cold resistance (worn)
 B - the +1 leather armour of Qidytum {rPois}
   (You took it off an orc on level 3 of the Dungeon)

   rPois:     It protects you from poison.
 C - a +0 helmet (worn)
Magical Staves
 d - a staff of fire
Jewellery
 j - an amulet of reflection (around neck)
 z - a ring of protection from fire (right hand)
 A - a ring of poison resistance (left hand)
Wands
 s - a wand of iceblast (6)
 v - a wand of acid (3)
 G - a wand of flame (14)
Scrolls
 e - a scroll of blinking {unknown}
 h - a scroll of brand weapon {unknown}
 i - 7 scrolls of identify {unknown}
 l - a scroll of poison {unknown}
 n - a scroll of amnesia {unknown}
 p - a scroll of vulnerability {unknown}
 q - a scroll of silence {unknown}
 y - a scroll of magic mapping {unknown}
 D - a scroll of enchant weapon {unknown}
 F - a scroll of teleportation {unknown}
Potions
 c - 4 potions of invisibility
 f - 2 potions of haste {unknown}
 m - a potion of magic {unknown}
 r - 2 potions of curing {unknown}
 t - a potion of degeneration {unknown}
 w - 2 potions of heal wounds {unknown}
 x - a potion of attraction {unknown}
 E - a potion of brilliance {unknown}


   Skills:
 + Level 3.2 Fighting
 + Level 4.1 Short Blades
 + Level 4.3 Dodging
 + Level 6.1 Stealth
 + Level 3.7 Spellcasting
 * Level 5.6 Hexes
 + Level 2.4 Invocations
 + Level 3.2 Evocations


You had 3 spell levels left.
You knew the following spells:

 Your Spells              Type           Power      Damage    Failure   Level
a - Ensorcelled Hibernat  Hex/Ice        26%        N/A       8%          2
b - Confusing Touch       Hex            23%        N/A       4%          3
c - Tukima's Dance        Hex            23%        N/A       4%          3
d - Dazzling Flash        Conj/Hex       26%        N/A       14%         3

Your spell library contained the following spells:

 Spells                   Type           Power      Damage    Failure   Level
 Apportation              Tloc           6%         N/A       16%         1
 Beastly Appendage        Tmut           6%         N/A       16%         1
 Necrotize                Necr           12%        1d4       16%         1
 Summon Small Mammal      Summ           12%        N/A       16%         1
 Wereblood                Tmut           3%         N/A       22%         2
 Spider Form              Tmut/Pois      3%         N/A       41%         3


Dungeon Overview and Level Annotations

Branches:
Dungeon (5/15)             Temple (1/1) D:4

Altars:
Ashenzari
Fedhas
Gozag
Hepliaklqana
Kikubaaqudgha
Makhleb
Nemelex Xobeh
Sif Muna
Trog
Uskayaw
Vehumet
Wu Jian
Xom
Yredelemnul
Beogh

Shops:
D:3 !

Annotations:
D:5 Dowan, Duvessa


Innate Abilities, Weirdness & Mutations

You are small and have problems with some larger weapons.
You are completely attuned to the shadows.


Message History

Aim: Duvessa, wielding a +0 short sword and wearing a +1 leather armour of cold resistance (fast, not susceptible)
Okay, then.
Casting: Ensorcelled Hibernation (safe; 8% risk of failure)
Confirm with . or Enter, or press ? or * to list all spells.
Your hands begin to glow red.
Duvessa completely misses you.
Dowan casts a spell.
Dowan blinks!
Duvessa hits you but does no damage.
You hit Duvessa but do no damage. You block Duvessa's attack.
You hit Duvessa but do no damage. Duvessa barely misses you.
You closely miss Duvessa. Duvessa misses you.
Duvessa hits you with a +0 short sword.
You completely miss Duvessa. Duvessa hits you with a +0 short sword!
Dowan casts a spell at you. The puff of frost hits you. You resist.
You hit Duvessa but do no damage. Duvessa misses you.
Dowan says, "My weaknesses are her strengths!"
Dowan gestures at you while chanting. The puff of frost hits you. You resist.
Duvessa hits you but does no damage.
You hit Duvessa but do no damage. Duvessa misses you.
You hit Duvessa but do no damage.
Duvessa appears confused.
Duvessa misses you.
You barely miss Duvessa. Duvessa hits you with a +0 short sword.
Duvessa hits you but does no damage.
Casting: Confusing Touch (dangerous; 4% risk of failure)
Confirm with . or Enter, or press ? or * to list all spells.
Your hands begin to glow red.
Dowan hits you with a +0 flail! Duvessa hits you with a +0 short sword.
* * * LOW HITPOINT WARNING * * *
You closely miss Dowan. Dowan hits you with a +0 flail.
* * * LOW HITPOINT WARNING * * *
You barely miss Dowan. Dowan closely misses you.
You hit Dowan but do no damage.
Dowan appears confused.
Dowan barely misses you.
You hit Dowan.
Dowan is lightly wounded.
Dowan misses you.
You barely miss Dowan.
Dowan is lightly wounded.
Dowan hits you with a +0 flail!
You die...
Fedhas appreciates your contribution to the ecosystem.

.w≈≈ .≈#≈ ..≈≈ ..≈
.#.#..#.. ......e..
#.....# #.# #.....#
#.# #..@e.# #.# #.#
######.....# #.# .#
.###.####..)))......#
#.# #.#
..........#####......
#.# #.. ####.######
#.#...######.####..
##.#
#.##.###...........
#..# #.# ##
#.##.###.... #.## #.
##.##.# #.... ##.##
#. ##.#.#.# #....


You could see Duvessa (fast, confused) and Dowan (confused).

Vanquished Creatures
  4 black bears
  The ghost of xian the Skirmisher, an amateur GrFi (D:3)
  A scorpion (D:3)
  2 hounds
  2 jellies
  An orc priest (D:5)
  Ijyb (D:4)
  2 iguanas
  An orc wizard (D:5)
  10 gnolls
  6 adders
  2 shadow imps (D:5)
  3 worms
  4 dart slugs
  11 orcs
  4 ball pythons
  9 endoplasms
  3 giant cockroaches
  9 goblins
  9 hobgoblins
  6 jackals
  4 quokkas
  6 bats
  4 frilled lizards
  4 kobolds
  5 rats
114 creatures vanquished.

Vanquished Creatures (collateral kills)
  An orc (D:3)
1 creature vanquished.

Vanquished Creatures (others)
  An orc wizard (D:5)
1 creature vanquished.

Grand Total: 116 creatures vanquished

Notes
Turn   | Place    | Note
-------+----------+-------------------------------------------
     0 | D:1      | happo123 the Kobold Enchanter began the quest for the Orb.
     0 | D:1      | Reached XP level 1. HP: 10/10 MP: 3/3
     7 | D:1      | Noticed a black mamba
     7 | D:1      | Noticed a lindwurm
     7 | D:1      | Noticed an iguana
   157 | D:1      | Reached XP level 2. HP: 15/15 MP: 5/5
   160 | D:1      | Learned a level 2 spell: Ensorcelled Hibernation
   702 | D:1      | Reached XP level 3. HP: 20/20 MP: 6/6
   706 | D:1      | Learned a level 3 spell: Confusing Touch
   934 | D:1      | Noticed a polar bear
  1535 | D:2      | Reached skill level 1 in Fighting
  1573 | D:2      | Reached XP level 4. HP: 25/25 MP: 7/7
  2196 | D:3      | Found Geghaexu's Distillery.
  2206 | D:3      | Noticed a scorpion
  2211 | D:3      | Killed a scorpion
  2212 | D:3      | Reached skill level 1 in Evocations
  2212 | D:3      | Reached XP level 5. HP: 30/30 MP: 7/9
  2359 | D:3      | Reached XP level 6. HP: 35/35 MP: 10/10
  2373 | D:3      | Learned a level 3 spell: Tukima's Dance
  2489 | D:3      | Found a runed translucent gate.
  2763 | D:3      | Found a runed translucent gate.
  2764 | D:3      | Found a runed translucent gate.
  2790 | D:3      | Found a shimmering altar of Xom.
  3118 | D:3      | Identified the +1 leather armour of Qidytum {rPois}
  3120 | D:3      | Noticed xian's ghost (amateur GrFi)
  3158 | D:4      | Found a staircase to the Ecumenical Temple.
  3164 | Temple   | Entered the Ecumenical Temple
  3290 | Temple   | Became a worshipper of Fedhas Madash
  3311 | D:4      | Reached skill level 5 in Stealth
  3737 | D:4      | Noticed Ijyb
  3747 | D:4      | Killed Ijyb
  4234 | D:4      | Noticed a black bear
  4239 | D:4      | Noticed a black bear
  4250 | D:4      | Killed a black bear
  4251 | D:4      | Reached skill level 1 in Invocations
  4251 | D:4      | Reached XP level 7. HP: 15/40 MP: 4/11
  4708 | D:3      | Learned a level 3 spell: Dazzling Flash
  4790 | D:3      | Killed xian's ghost
  4791 | D:3      | Reached skill level 5 in Hexes
  4794 | D:3      | Reached * piety under Fedhas
  5154 | D:5      | Entered Level 5 of the Dungeon
  5475 | D:5      | Reached XP level 8. HP: 45/45 MP: 10/13
  5806 | D:5      | Reached skill level 6 in Stealth
  6053 | D:5      | Noticed Dowan
  6054 | D:5      | Noticed Duvessa
  6072 | D:5      | Slain by Dowan

Illustrated notes

Levels and vault maps discovered:
D:1:      onia_arrival_zoo_common, layout_basic
D:2:      layout_rooms, minmay_goblin_outpost
D:3:      layout_loops_ring, lemuel_doored_altar, biasface_ghost_orc_armoury,
          serial_shops, shop
D:4:      layout_cave_pools, minmay_temple_entry_grid, dreamdust_wishing_well,
          uniq_ijyb
D:5:      kennysheep_slugbush, layout_loops_ring, roderic_serpentine_path,
          nicolae_specific_store, uniq_duvessa
Temple:   nicolae_temple_god_jail

Skill      XL: |  1  2  3  4  5  6  7  8 |
---------------+-------------------------+-----
Fighting       | 1 2 3 |  3.2
Short Blades   | 2 3 4 |  4.1
Dodging        | 3 4 |  4.3
Hexes          | 4 5 |  5.6
Evocations     | 1 2 3 |  3.2
Stealth        | 5 6 |  6.1
Spellcasting   | 3 |  3.7
Invocations    | 1 2 |  2.4

Action                   |  1- 3 |  4- 6 |  7- 9 || total
-------------------------+-------+-------+-------++-------
Melee: Dagger            |    46 |       |       ||    46
       Short sword       |    14 |    78 |   101 ||   193
       Punch             |     1 |       |       ||     1
 Cast: Ensorcelled Hiber |    10 |    29 |    35 ||    74
       Confusing Touch   |       |     1 |     7 ||     8
       Tukima's Dance    |       |       |     1 ||     1
 Stab: Sleeping          |    27 |    29 |    26 ||    82
       Confused          |       |       |     6 ||     6
Armor: Robe              |     5 |    11 |    24 ||    40
Dodge: Dodged            |    28 |    68 |    88 ||   184
Block: Other             |     1 |    18 |    22 ||    41
       Reflection        |       |     2 |       ||     2

Table legend: (Time is in decaauts)
 A = Elapsed time spent in this place.
 B = Non-inter-level travel time spent in this place.
 C = Inter-level travel time spent in this place.
 D = Time resting spent in this place.
 E = Time spent auto-exploring this place.
 F = Levels seen in this place.
 G = Mean time per level.
                   A        B        C        D        E       F      G
               +--------+--------+--------+--------+--------+-----+--------+
         Total |   6065 |   5760 |    305 |   1304 |   3476 |   6 | 1010.8 |
       Dungeon |   5566 |   5286 |    280 |    962 |   3376 |   5 | 1113.2 |
        Temple |    498 |    473 |     25 |    342 |    100 |   1 |  498.0 |
               +--------+--------+--------+--------+--------+-----+--------+

Top non-repeatable levels by time:
     D:1: 1496 daAuts
     D:3: 1402 daAuts
     D:4: 1282 daAuts
     D:5: 707 daAuts
     D:2: 678 daAuts
  Temple: 498 daAuts
